Map: Odyssey LE

Players

Ardox - Winner!

  • Race: Zerg Zerg
  • League: Diamond
  • Spawn Location: 5:00

Dessa

  • Race: Zerg Zerg
  • League: Diamond
  • Spawn Location: 11:00

VOD

Have the link to the VOD?

Description

Time

  • Played on: Jan. 16, 2018, 3:15 p.m.
  • Length: 13:59
Show
View Real Time Build Order
Export as new Build Order

Ardox Zerg - Winner!

Build Orders: Hatch First, Lurkers 

Get SALT Encoding   

  12  0:01  Drone  
  13  0:12  Overlord  
  13  0:17  Drone  
  14  0:30  Drone x2  
  16  0:36  Drone  
  17  0:46  Drone  
  18  0:57  Hatchery  
  18  1:00  Drone  
  18  1:05  Extractor  
  17  1:16  Spawning Pool  
  17  1:18  Drone  
  17  1:21  Drone  
  18  1:29  Drone  
  19  1:39  Overlord  
  19  2:03  Zergling x2, Queen  
  19  2:04  Zergling x2  
  23  2:09  Queen  
  23  2:10  Zergling x2  
  23  2:12  Drone  
  23  2:13  Metabolic Boost  
  27  2:24  Drone  
  27  2:25  Drone  
  29  2:38  Drone  
  29  2:43  Drone  
  31  2:49  Queen  
  33  2:55  Drone x2  
  35  2:59  Drone, Overlord  
  36  3:13  Pneumatized Carapace  
  36  3:20  Zergling x8  
  36  3:24  Extractor  
  39  3:30  Zergling x4  
  39  3:31  Zergling x6  
  44  3:36  Evolution Chamber  
  44  3:37  Evolution Chamber  
  33  4:03  Roach Warren  
  33  4:04  Zergling x8  
  33  4:05  Zergling x4  
  33  4:06  Zergling x4  
  40  4:14  Zerg Missile Weapons Level 1  
  40  4:16  Zerg Ground Armor Level 1  
  40  4:21  Drone  
  41  4:28  Drone x2  
  43  4:36  Overlord x2  
  43  4:53  Overlord x2  
  43  4:57  Roach  
  43  4:59  Roach x2  
  49  5:10  Roach  
  51  5:15  Roach  
  51  5:16  Roach  
  51  5:20  Roach x2  
  59  5:22  Roach  
  61  5:42  Lair  
  61  5:43  Drone  
  61  5:44  Drone x3  
  65  5:50  Drone x2  
  65  5:53  Drone, Extractor  
  65  5:55  Extractor  
  66  6:14  Drone  
  66  6:16  Overlord x2  
  67  6:22  Overlord x2  
  67  6:36  Hatchery  
  66  6:47  Hydralisk Den  
  66  6:49  Drone  
  66  6:51  Drone x2  
  66  6:52  Drone x3  
  71  6:54  Drone x3  
  74  7:06  Roach x3  
  80  7:09  Roach  
  82  7:17  Glial Reconstitution  
  82  7:34  Roach x3  
  82  7:35  Lurker Den  
  82  7:36  Roach x3  
  93  7:57  Hydralisk  
  93  7:58  Hydralisk  
  97  8:00  Hydralisk x2  
  97  8:01  Hydralisk x2  
  105  8:09  Zerg Missile Weapons Level 2  
  105  8:14  Zerg Ground Armor Level 2  
  105  8:26  Overlord x2  
  105  8:27  Overlord  
  97  9:02  Lurker x5  
  103  9:03  Lurker  
  103  9:04  Zergling x12  
  103  9:06  Zergling x2  
  103  9:07  Zergling x10  
  115  9:10  Drone x4  
  119  9:27  Drone x2  
  121  9:35  Extractor  
  121  9:36  Extractor  
  119  9:41  Roach x2  
  119  9:42  Roach  
  119  9:44  Roach  
  127  9:48  Hatchery  
  126  10:01  Drone x3  
  126  10:03  Overlord  
  129  10:08  Overlord x2  
  129  10:10  Overlord  
  129  10:25  Hydralisk x2  
  129  10:27  Hydralisk  
  129  10:28  Hydralisk x3  
  141  10:31  Drone x2  
  143  10:36  Drone  
  143  10:38  Drone x3  
  143  11:07  Lurker  
  143  11:08  Lurker x5  
  143  11:10  Roach  
  143  11:11  Roach x3  
  157  11:13  Roach x3  
  157  11:14  Roach x2  
  167  11:39  Infestation Pit  
  166  11:41  Roach  
  166  11:42  Overlord x4  
  168  11:49  Overlord x3  
  168  12:00  Queen  
  170  12:06  Roach x5  
  180  12:10  Hydralisk  
  180  12:11  Hydralisk x5  
  160  12:50  Unknown x3  
  154  12:55  Overseer x2  
  154  12:57  Lurker x6  
  160  13:02  Roach  
  160  13:03  Roach x9  
  180  13:16  Hydralisk x6  
  192  13:20  Overseer x2  
  182  13:43  Ravager  
  182  13:44  Ravager x2  
Show
View Real Time Build Order
Export as new Build Order

Dessa Zerg 

Build Orders: Pool First, Lurkers 

Get SALT Encoding   

  12  0:00  Drone  
  13  0:13  Overlord  
  13  0:17  Drone  
  14  0:31  Drone x2  
  14  0:35  Drone  
  17  0:37  Extractor  
  16  0:45  Drone  
  17  0:53  Spawning Pool  
  17  0:56  Drone  
  17  1:20  Hatchery  
  17  1:24  Drone  
  17  1:27  Drone  
  18  1:35  Overlord  
  18  1:40  Zergling x2  
  18  1:47  Metabolic Boost  
  19  1:57  Queen  
  21  2:02  Zergling x2  
  22  2:11  Baneling Nest, Zergling x2  
  23  2:15  Zergling x2  
  23  2:25  Zergling x2  
  24  2:37  Queen  
  25  2:50  Overlord  
  25  2:51  Overlord  
  25  2:53  Zergling x2  
  25  2:54  Zergling x2  
  27  3:02  Baneling  
  27  3:03  Baneling x3  
  27  3:04  Zergling x2  
  28  3:07  Zergling x2  
  28  3:11  Zergling x2  
  30  3:14  Zergling x2  
  30  3:19  Zergling x2  
  32  3:21  Zergling x2  
  33  3:36  Drone x3  
  29  3:59  Drone x6  
  29  4:00  Drone  
  33  4:03  Zergling x2  
  33  4:09  Drone  
  35  4:13  Overlord  
  35  4:17  Baneling x2  
  35  4:18  Drone  
  35  4:22  Extractor  
  35  4:24  Drone  
  35  4:26  Drone  
  35  4:27  Drone  
  38  4:38  Drone  
  38  4:39  Drone x2, Overlord  
  38  4:43  Drone x3  
  44  4:54  Drone x2  
  44  4:58  Drone, Roach Warren  
  46  5:03  Overlord  
  46  5:12  Extractor  
  45  5:14  Lair  
  45  5:16  Drone x3  
  48  5:28  Overlord  
  48  5:32  Hatchery  
  47  5:37  Drone  
  47  5:38  Roach x4  
  47  5:39  Evolution Chamber  
  55  5:46  Drone  
  55  5:47  Drone, Extractor  
  55  5:48  Roach  
  55  5:49  Roach  
  60  6:00  Roach x2  
  64  6:09  Roach x2  
  68  6:17  Zerg Missile Weapons Level 1  
  68  6:20  Overlord  
  68  6:32  Glial Reconstitution  
  68  6:40  Drone  
  68  6:41  Drone x3  
  68  6:44  Roach x2  
  76  6:49  Ravager x3  
  76  6:50  Ravager x3  
  76  6:51  Overlord  
  76  6:52  Overlord  
  82  7:02  Pneumatized Carapace  
  82  7:09  Queen  
  83  7:17  Drone x2  
  83  7:18  Drone x2  
  83  7:20  Roach x2  
  91  7:30  Overlord x2, Evolution Chamber  
  91  7:31  Hydralisk Den  
  89  7:43  Overlord  
  89  7:44  Overlord  
  88  7:57  Zerg Ground Armor Level 1  
  88  7:58  Overlord  
  88  7:59  Overlord  
  88  8:02  Extractor  
  88  8:03  Drone x3  
  88  8:04  Drone x3, Extractor  
  92  8:05  Hydralisk x2  
  92  8:06  Hydralisk x4  
  104  8:18  Drone x3  
  107  8:23  Zerg Missile Weapons Level 2  
  107  8:37  Muscular Augments  
  107  8:43  Queen  
  108  8:57  Roach x3, Hydralisk x4  
  108  8:58  Roach x4  
  130  9:10  Overlord x4  
  130  9:30  Roach x3, Hydralisk x4  
  130  9:31  Roach x2  
  148  9:34  Overseer  
  148  9:50  Drone, Lurker Den  
  148  10:05  Grooved Spines  
  148  10:12  Spine Crawler x2, Drone  
  148  10:13  Drone x2, Hatchery, Spine Crawler  
  148  10:14  Drone x5  
  148  10:15  Drone  
  144  10:49  Drone x2  
  147  10:50  Drone x2  
  147  10:53  Drone  
  147  10:54  Spine Crawler, Drone  
  147  10:55  Drone x5  
  154  11:27  Lurker x4  
  154  11:28  Lurker x4  
  154  11:30  Queen  
  164  11:35  Infestation Pit  
  163  11:41  Drone x4  
  163  11:42  Drone  
  168  12:13  Hive  
  126  12:54  Hydralisk x3  
  126  12:55  Roach x6, Hydralisk x4  
  126  12:56  Roach x2, Overlord  
  126  12:57  Overlord  
  156  13:03  Lurker x2  
  156  13:04  Lurker x2  
  160  13:06  Roach  
  162  13:34  Hatchery  
  161  13:44  Hatchery  
Tags
 
Composition
LurkersLurkers
Matchup
ZvZ
Race
Zerg
Replay Pack
2017S4
Spawn Locations
Cross Positions
Add a new tag
Caveats
  • Supply blocks, unpowered buildings, or Contaminate may cause inaccurate times.
  • Supply counts are checked every 10 seconds.